 Dungeon Crawl Stone Soup version 0.24-a0-57-gac335f2 (webtiles) character file.

Game seed: 3258002206260199704

57 Moebius the Firebug (level 4, -1/40 HPs)
             Began as an Ogre Fire Elementalist on Feb 4, 2019.
             Slain by a mummy (14 damage)
             ... in an ossuary.
             The game lasted 00:07:22 (2034 turns).

Moebius the Firebug (Ogre Fire Elementalist)        Turns: 2034, Time: 00:07:23

Health: -1/40      AC:  4    Str: 12    XL:     4   Next: 0%
Magic:  0/9        EV: 10    Int: 17    God:
Gold:   61         SH:  0    Dex: 11    Spells: 5/9 levels left

rFire    + . .     SeeInvis .   o - +2 dagger (venom)
rCold    + . .     Gourm    .   (no shield)
rNeg     . . .     Faith    .   a - +1 robe
rPois    +         Spirit   .   (helmet restricted)
rElec    .         Reflect  .   t - scarf {rC+ rF+}
rCorr    .         Harm     .   (gloves unavailable)
MR       .....                  (boots unavailable)
Stlth    ++........             (no amulet)
HPRegen  0.13/turn              i - +2 ring of dexterity
MPRegen  0.11/turn              v - ring of poison resistance

@: very slightly contaminated
A: large, unfitting armour, tough skin 1
a: no special abilities


You were in an ossuary.
You were hungry.

You visited 1 branch of the dungeon, and saw 4 of its levels.
You also visited: Ossuary.

You collected 61 gold pieces.

Inventory:

Hand Weapons
 d - a +0 club
 n - a +0 dagger
 o - a +2 dagger of venom (weapon)
 p - a +0 hunting sling
Missiles
 f - 6 needles of sleeping
 m - 101 stones (quivered)
 q - 20 arrows
 u - 20 bolts
Armour
 a - a +1 robe (worn)
 t - a scarf of resistance (worn)
Jewellery
 i - a +2 ring of dexterity (left hand)
 v - a ring of poison resistance (right hand)
 x - an uncursed amulet of regeneration
Scrolls
 g - a scroll of immolation
 h - 6 scrolls of identify
 j - a scroll of remove curse
 y - a scroll of fear {unknown}
Potions
 e - a potion of might
Comestibles
 c - 4 rations


   Skills:
 + Level 0.3 Fighting
 + Level 0.6 Short Blades
 - Level 1.7 Dodging
 - Level 1.4 Stealth
 + Level 3.3 Spellcasting
 + Level 1.1 Conjurations
 + Level 3.5 Fire Magic


You had 5 spell levels left.
You knew the following spells:

 Your Spells              Type           Power        Failure   Level  Hunger
a - Flame Tongue          Conj/Fire      ##...        6%          1    None
b - Conjure Flame         Conj/Fire      ##......     19%         3    ###....

Your spell library contained the following spells:

 Spells                   Type           Power        Failure   Level  Hunger
 Throw Flame              Conj/Fire      ##....       10%         2    ##.....
 Inner Flame              Hex/Fire       #.......     24%         3    ###....
 Sticky Flame             Conj/Fire      ##......     54%         4    ####...
 Fireball                 Conj/Fire      ##........   87%         5    ######.


Dungeon Overview and Level Annotations

Branches:
Dungeon (4/15)
 Temple: D:4-7

Altars:

Annotations:
D:4 Blork the orc


Innate Abilities, Weirdness & Mutations

You are too large for most types of armour.
You have tough skin. (AC +1)


Message History

Casting: Flame Tongue (safe; 6% risk of failure)
Confirm with . or Enter, or press ? or * to list all spells.
Aiming: Flame Tongue (safe; 6% risk of failure)
Press: ? - help, Shift-Dir - straight line, f/p - mummy
Aim: a mummy (heavily damaged)
The flame tongue hits the mummy.
The mummy is burned terribly!
The mummy is severely damaged.
Casting: Flame Tongue (safe; 6% risk of failure)
Confirm with . or Enter, or press ? or * to list all spells.
Aiming: Flame Tongue (safe; 6% risk of failure)
Press: ? - help, Shift-Dir - straight line, f/p - mummy
Aim: a mummy (severely damaged)
You miscast Flame Tongue.
You are very lightly contaminated with residual magic.
The air around you crackles with energy!
The mummy hits you!
* * * LOW HITPOINT WARNING * * *
You feel better.
You feel better. The mummy hits you!
You die...

# #####
+≈#☼@.#
#≈§.M.#
#≈P.M#..∩#
#≈#≈≈#####
#≈.. #≈#≈
≈≈#. ≈≈≈≈


You could see a mummy and a bog mummy.

Vanquished Creatures
  An adder (D:2)
  A worm (D:2)
  A dart slug (D:3)
  A leopard gecko (D:1)
  A ball python (D:1)
  8 goblins
  2 hobgoblins
  3 jackals
  5 kobolds
  6 bats
  2 frilled lizards (D:2)
  7 rats
  2 rat zombies (D:4)
40 creatures vanquished.

Vanquished Creatures (others)
  5 toadstools (D:1)
  A withered plant (Ossuary)
6 creatures vanquished.

Grand Total: 46 creatures vanquished

Notes
Turn   | Place    | Note
-------+----------+-------------------------------------------
     0 | D:1      | Moebius the Ogre Fire Elementalist began the quest for the
                  | Orb.
     0 | D:1      | Reached XP level 1. HP: 16/16 MP: 3/3
   411 | D:2      | Reached XP level 2. HP: 23/24 MP: 2/5
   979 | D:2      | Reached skill level 1 in Conjurations
   979 | D:2      | Reached XP level 3. HP: 15/31 MP: 7/7
  1433 | D:2      | Found a faded altar of an unknown god.
  1856 | D:3      | Learned a level 3 spell: Conjure Flame
  1917 | D:4      | Noticed Blork the orc
  1929 | D:4      | Found a sand-covered staircase.
  1939 | D:4      | Reached XP level 4. HP: 14/40 MP: 9/9
  1942 | Ossuary  | Entered an ossuary
  2032 | Ossuary  | HP: 2/40 [mummy (15)]
  2034 | Ossuary  | Slain by a mummy

Vault maps used:
D:1:      ldierk_walled_garden
D:2:      chequers_ecumenical_altar_lobes
D:3:      corexii_shack_village, lemuel_coloured_pillars_altar,
          marbit_many_paths, gammafunk_ghost_cemetery, first_ration
D:4:      nicolae_overflow_hidden_temple, enter_ossuary_3, uniq_natasha,
          uniq_blork_the_orc
Ossuary:  ossuary_zaba_flooded

Skill      XL: |  1  2 |
---------------+-------+-----
Fire Magic     | 3 |  3.5
Spellcasting   | 3 |  3.3
Conjurations   | 1 |  1.1
Fighting       | |  0.3
Short Blades   | |  0.6
Dodging        | |  1.7
Stealth        | |  1.4

Action                   |  1- 3 |  4- 6 || total
-------------------------+-------+-------++-------
Melee: Unarmed           |    30 |       ||    30
       Dagger            |    82 |     1 ||    83
 Cast: Flame Tongue      |    24 |     3 ||    27
       Conjure Flame     |       |     2 ||     2
  Use: Potion            |     4 |     2 ||     6
       Scroll            |     8 |       ||     8
 Stab: Sleeping          |     4 |       ||     4
  Eat: Chunk             |     3 |       ||     3
Armor: Robe              |    42 |     2 ||    44
Dodge: Dodged            |    58 |     1 ||    59

Table legend:
 A = Non-vault XP
 B = Vault XP
 C = Vault XP percentage of total XP
 D = Non-vault monster count
 E = Vault monster count
 F = Vault count percentage of total count
                 A         B        C        D         E       F
            +---------+---------+-------+---------+---------+-------
      Total |      80 |       2 |   2.4 |      38 |       2 |   5.0
            +---------+---------+-------+---------+---------+-------
        D:1 |      19 |       0 |   0.0 |      12 |       0 |   0.0
        D:2 |      51 |       0 |   0.0 |      22 |       0 |   0.0
        D:3 |      10 |       0 |   0.0 |       4 |       0 |   0.0
        D:4 |       0 |       2 | 100.0 |       0 |       2 | 100.0
            +---------+---------+-------+---------+---------+-------
